 Dungeon Crawl Stone Soup version 0.30-b1-2-g02819fbbbe (webtiles) character file.

Game seed: 10182923066658104176

11 Alarkh the Charlatan (level 2, 22/22 HPs)
             Began as a Demonspawn Artificer on Aug 18, 2023.
             Got out of the dungeon alive.
             The game lasted 00:00:47 (288 turns).

Alarkh the Charlatan (Demonspawn Artificer)          Turns: 288, Time: 00:00:48

Health: 22/22      AC:  3    Str: 12    XL:     2   Next: 13%
Magic:  2/2        EV: 11    Int: 12    God:
Gold:   38         SH:  0    Dex: 13    Spells: 1/1 levels left

rFire   . . .        a - +0 club
rCold   . . .        (no shield)
rNeg    . . .        b - +0 leather armour
rPois   .            (no helmet)
rElec   .            (no cloak)
rCorr   .            (no gloves)
SInv    .            (no boots)
Will    .....        (no amulet)
Stlth   +            (no ring)
HPRegen 0.23/turn    (no ring)
MPRegen 0.08/turn

%: no passive effects
@: no status effects
A: demonic magic 1
a: no special abilities


You escaped.
You visited 1 branch of the dungeon, and saw 1 of its levels.

You collected 38 gold pieces.

Inventory:

Hand Weapons
 a - a +0 club (weapon)
 j - a +2 dagger of venom
Armour
 b - a +0 leather armour (worn)
Wands
 c - a wand of flame (13) (quivered)
 d - a wand of charming (15)
 e - a wand of iceblast (5)
Scrolls
 f - a scroll of teleportation {unknown}
 i - a scroll of amnesia {unknown}
Potions
 g - a potion of brilliance {unknown}
 h - a potion of curing {unknown}


   Skills:
 + Level 2.2 Fighting
 - Level 1.7 Armour
 - Level 0.8 Dodging
 - Level 0.8 Stealth
 - Level 3.0 Evocations


You had one spell level left.
You didn't know any spells.
Your spell library was empty.

Dungeon Overview and Level Annotations

Branches:
Dungeon (1/15)

Altars:


Innate Abilities, Weirdness & Mutations

Spells you cast may paralyse adjacent enemies.


Message History

You closely miss the rat. The rat closely misses you.
You hit the rat.
The rat is heavily wounded.
The rat barely misses you.
You hit the rat but do no damage.
The rat is heavily wounded.
The rat closely misses you. The rat bites you but does no damage.
You hit the rat.
You kill the rat!
The goblin misses you.
You hit the goblin.
The goblin is severely wounded.
The goblin barely misses you.
You closely miss the goblin.
The goblin is severely wounded.
The goblin misses you. The goblin hits you but does no damage.
You are poisoned.
You closely miss the goblin.
The goblin is severely wounded.
You feel very sick. The goblin closely misses you.
You barely miss the goblin.
The goblin is severely wounded.
You feel sick. The goblin hits you but does no damage.
Aiming: Throw Flame
Press: ? - help, Shift-Dir - straight line, f - goblin
Aim: a goblin, wielding a +2 dagger of venom (severely wounded, 64% to hit)
The puff of flame hits the goblin.
You kill the goblin!
You feel sick.
You feel sick.
You see here a +2 dagger of venom.
j - a +2 dagger of venom You feel sick.
You feel sick.
You feel sick.
You are no longer poisoned.
There is a staircase leading out of the dungeon here.
Are you sure you want to leave the Dungeon?
This will make you lose the game!
You have escaped!

#........ #.#######.###
.# #.# #...# .#### #.#
#.#.##....### #.#
#....)......# ##.##
#.#########.#
#...######...........##
#.#....................
##..............@...(.#
......#####...........#
####..#####...........#
# #........#########.#
# ##.#####...........#
# #.# #..####..#### #
..# #.## .... # ### #.#
#### #.#


There were no monsters in sight!

Vanquished Creatures
  A bat (D:1)
  A giant cockroach (D:1)
  2 goblins (D:1)
  A hobgoblin (D:1)
  A quokka (D:1)
  A frilled lizard (D:1)
  A kobold (D:1)
  2 rats (D:1)
10 creatures vanquished.

Notes
Turn   | Place    | Note
-------+----------+-------------------------------------------
     0 | D:1      | Alarkh the Demonspawn Artificer began the quest for the
                  | Orb.
     0 | D:1      | Reached XP level 1. HP: 15/15 MP: 1/1
   186 | D:1      | Gained mutation: Spells you cast may paralyse adjacent
                  | enemies. [demonic ancestry]
   186 | D:1      | Reached XP level 2. HP: 18/22 MP: 2/2
   288 | D:$      | Got out of the dungeon alive.

Illustrated notes

Levels and vault maps discovered:
D:1:      minmay_arrival_semitransparent, layout_loops_ring,
          grunt_decor_arrowhead

Skill      XL: |  1 |
---------------+----+-----
Fighting       | 2 |  2.2
Armour         | |  1.7
Dodging        | |  0.8
Stealth        | |  0.8
Evocations     | |  3.0

Action                     || total
---------------------------++-------
  Melee: Club              ||    52
         Punch             ||     4
  Evoke: Wand              ||     2
 Armour: Leather armour    ||    24
  Dodge: Dodged            ||    49
